Map: Orbital Shipyard

Players

lesha

  • Race: Terran Terran
  • League: Silver

Mirosiv - Winner!

  • Race: Zerg Zerg
  • League: Silver

VOD

Have the link to the VOD?

Description

Time

  • Played on: Jan. 2, 2016, 10:50 a.m.
  • Length: 4:16
Show
View Real Time Build Order
Export as new Build Order

lesha Terran 

Build Orders: Reaper Expand 

Get SALT Encoding   

  12  0:01  SCV  
  13  0:13  SCV  
  14  0:18  Supply Depot  
  14  0:25  SCV  
  15  0:40  SCV  
  15  0:41  Barracks  
  16  0:47  Refinery  
  16  0:52  SCV  
  17  1:04  SCV  
  18  1:16  SCV  
  19  1:28  Orbital Command  
  19  1:31  Reaper  
  20  1:40  Command Center  
  20  1:56  SCV, Supply Depot  
  21  2:04  Barracks Reactor  
  21  2:08  SCV  
  22  2:11  Barracks  
  22  2:20  SCV  
  23  2:34  SCV  
  23  2:36  Factory  
  24  2:42  Marine x2  
  26  2:46  SCV  
  26  2:58  SCV, Orbital Command  
  26  3:02  Barracks Reactor  
  26  3:03  Marine x2  
  29  3:14  SCV, Refinery  
  29  3:18  Barracks  
  30  3:21  Marine x2  
  30  3:22  Supply Depot  
  30  3:24  Factory Tech Lab  
  30  3:26  SCV  
  33  3:35  SCV  
  33  3:36  Bunker  
  33  3:38  SCV  
  35  3:46  Marine x4  
Show
View Real Time Build Order
Export as new Build Order

Mirosiv Zerg - Winner!

Build Orders: Pool Only 

Get SALT Encoding   

  12  0:01  Drone  
  13  0:08  Drone  
  14  0:16  Extractor  
  14  0:17  Drone  
  14  0:34  Spawning Pool  
  13  0:35  Drone  
  14  0:45  Overlord  
  14  1:03  Drone x3  
  17  1:21  Metabolic Boost  
  17  1:23  Queen  
  19  1:26  Zergling x2  
  19  1:30  Zergling x2  
  21  1:38  Zergling x2  
  22  1:51  Overlord  
  22  1:57  Baneling Nest  
  22  1:58  Zergling x2  
  22  2:12  Zergling x2  
  23  2:25  Zergling x2  
  24  2:54  Zergling x4  
  24  2:55  Zergling x4  
  28  3:10  Baneling x4  
  28  3:11  Baneling x2  
  29  3:12  Zergling x2  
  29  3:13  Zergling x2  
Tags
 
Add a new tag
Caveats
  • Supply blocks, unpowered buildings, or Contaminate may cause inaccurate times.
  • Supply counts are checked every 10 seconds.